 Dungeon Crawl Stone Soup version 0.29-a0-911-g88e6f02907 (webtiles) character file.

Game seed: 2005014691931992211

149 zeratav the Stinger (level 5, 0/31 HPs)
             Began as an Octopode Venom Mage on July 25, 2022.
             Killed by divine providence
             ... invoked by an orc priest
              (15 damage)
             ... on level 4 of the Dungeon.
             The game lasted 00:05:28 (3638 turns).

zeratav the Stinger (Octopode Venom Mage)           Turns: 3638, Time: 00:05:29

Health: 0/31       AC:  2    Str:  7    XL:     5   Next: 31%
Magic:  8/8        EV: 13    Int: 20    God:
Gold:   204        SH:  0    Dex: 12    Spells: 5/8 levels left

rFire   . . .      SeeInvis .   b - +0 dagger {short}
rCold   . . .      Faith    .   (no shield)
rNeg    . . .      Spirit   .   n - +1 hat
rPois   .          Reflect  .   (no amulet)
rElec   .          Harm     .   (no ring)
rCorr   .          Rampage  .   (no ring)
Will    .....                   (no ring)
Stlth   ++++......              (no ring)
HPRegen 0.10/turn               (no ring)
MPRegen 0.11/turn               (no ring)
                                (no ring)
                                (no ring)

@: no status effects
A: almost no armour, amphibious, 8 rings, camouflage 1, gelatinous body 1,
(nimble swimmer 1), tentacles
a: no special abilities


You were on level 4 of the Dungeon.
You visited 1 branch of the dungeon, and saw 4 of its levels.

You collected 204 gold pieces.


Innate Abilities, Weirdness & Mutations

You cannot wear most types of armour.
You are amphibious.
You can wear up to eight rings at the same time.
Your skin changes colour to match your surroundings (Stealth+).
Your rubbery body absorbs attacks. (AC +1, EV +1)
((You are camouflaged when in or above water. (Stealth+)))
You have tentacles for arms and can constrict up to eight enemies at once.


   Skills:
 - Level 2.0 Dodging
 - Level 5.0 Stealth
 - Level 2.0 Spellcasting
 - Level 1.0 Transmutations
 + Level 6.1 Poison Magic


You had 5 spell levels left.
You knew the following spells:

 Your Spells              Type           Power      Damage    Failure   Level
a - Sting                 Tmut/Pois      64%        1d6       3%          1
b - Poisonous Vapours     Pois/Air       28%        N/A       7%          2

Your spell library contained the following spells:

 Spells                   Type           Power      Damage    Failure   Level
 Olgreb's Toxic Radiance  Pois           26%        N/A       13%         4
 Slow                     Hex            8%         N/A       16%         1
 Ignite Poison            Fire/Tmut/Pois 11%        N/A       19%         3
 Mephitic Cloud           Conj/Pois/Air  10%        N/A       21%         3
 Confusing Touch          Hex            2%         N/A       43%         3
 Vampiric Draining        Necr           2%         2d6       43%         3
 Freezing Cloud           Conj/Ice/Air   1%         6-21      99%         5

Inventory:

Hand Weapons
 b - a +0 dagger (weapon) {short}
   (You took it off a kobold on level 1 of the Dungeon)
Armour
 n - a +1 hat (worn)
   (You found it on level 2 of the Dungeon)
 o - a +2 kite shield of protection
   (You found it on level 3 of the Dungeon)
 r - a +2 kite shield
   (You found it on level 3 of the Dungeon)
Jewellery
 j - a ring of ice
   (You found it on level 1 of the Dungeon)
Scrolls
 d - a scroll of noise {unknown}
 e - a scroll of torment {unknown}
 f - a scroll of magic mapping {unknown}
 h - 6 scrolls of identify {unknown}
 i - a scroll of fear {unknown}
 k - a scroll of silence {unknown}
 m - a scroll of enchant weapon {unknown}
 q - a scroll of butterflies {unknown}
 s - a scroll of amnesia {unknown}
 t - a scroll of teleportation {unknown}
Potions
 a - a potion of magic
 c - a potion of lignification {unknown}
 g - 2 potions of might {unknown}
 l - a potion of curing {@q1}
 p - 2 potions of heal wounds {unknown}
 u - a potion of ambrosia {unknown}

Dungeon Overview and Level Annotations

Branches:
Dungeon (4/15) Zot: 20361
 Temple: D:4-7

Altars:

Shops:
D:3

= #######
#.ooo.#
#@##+###
#)..<..#
#.........#
#####.....#
#.....#
#.....#
#......#
#......#
#......#


You could see an orc priest and 2 orc wizards.


Message History

You puncture the ball python!
You kill the ball python!
No target in view!
No target in view!
No target in view!
No target in view!
No target in view!
No target in view!
No target in view!
No target in view!
No target in view!
No target in view!
No target in view!
h - 6 scrolls labelled OBOS VUETRUCAR (gained 1)
There is an open door here.
There is an open door here.
An endoplasm comes into view.
An endoplasm is nearby!
An endoplasm is nearby!
An endoplasm is nearby!
There is an open door here.
You hit the endoplasm. You squeeze the endoplasm.
You kill the endoplasm!
No target in view!
No target in view!
No target in view!
No target in view!
No target in view!
No target in view!
No target in view!
No target in view!
No target in view!
No target in view!
No target in view!
No target in view!
You see here a +0 club {mace}.
Found a stone staircase leading down.
There is an entrance to Mosemur's Jewellery Emporium here.
There is an escape hatch in the ceiling here.
A goblin comes into view. It is wielding a +0 dagger.
A goblin is nearby!
The helpless goblin fails to defend itself.
You puncture the goblin!
You kill the goblin!
No target in view!
No target in view!
No target in view!
No target in view!
No target in view!
No target in view!
No target in view!
No target in view!
No target in view!
No target in view!
No target in view!
No target in view!
No target in view!
You see here a +0 dagger {short}.
g - 2 murky silvery potions (gained 1)
You see here a +0 club {mace}.
There is an open door here.
Done exploring.
Done exploring.
Done exploring.
(D) Dungeon
Where to? (Enter - D:3, ? - help)
You see here 8 stones {throwing}.
There is a stone staircase leading up here.
There is a stone staircase leading down here.
You climb downwards.
There is a stone staircase leading up here.
An orc wizard is nearby!
An orc wizard comes into view. It is wielding a +0 dagger.
The helpless orc wizard fails to defend itself.
You puncture the orc wizard! Your grab misses the orc wizard.
You hit the orc wizard. You grab the orc wizard. You constrict the orc wizard.
You kill the orc wizard!
Your Poison Magic skill increases to level 6!
An orc priest and an orc wizard come into view.
The orc priest shouts!
The orc wizard shouts!
The orc priest mumbles some strange prayers to Beogh against you.
Beogh smites you!
The orc wizard hits you with a +0 dagger.
HP[-13]
You take 13 damage, and now have 18/31 hp.
MASSIVE DAMAGE!! (PAUSE)
You barely miss the orc wizard. You grab the orc wizard.
You constrict the orc wizard.
The orc priest looks braver for a moment.
The orc wizard points at you and mumbles some strange words.
You resist with some effort.
You hit the orc wizard but do no damage.
You constrict the orc wizard. The orc wizard barely misses you.
The orc wizard completely misses you.
You hit the orc wizard. You constrict the orc wizard.
The orc wizard hits you with a +0 dagger.
* * * LOW HITPOINT WARNING * * *
The orc priest calls down the wrath of Beogh upon you.
Beogh smites you!
You die...

Skill      XL: |  1  2  3  4  5 |
---------------+----------------+-----
Stealth        | 3 4 5 |  5.0
Poison Magic   | 4 5 6 |  6.1
Dodging        | |  2.0
Spellcasting   | |  2.0
Transmutations | |  1.0

Action                   |  1- 3 |  4- 6 || total
-------------------------+-------+-------++-------
Melee: Dagger            |    79 |    61 ||   140
       Constrict         |    13 |    17 ||    30
       Tentacles         |    10 |    13 ||    23
       Punch             |     1 |       ||     1
 Cast: Sting             |    11 |    13 ||    24
       Poisonous Vapours |     4 |     3 ||     7
  Use: Potion            |     1 |     1 ||     2
 Stab: Sleeping          |    12 |     8 ||    20
       Distracted        |       |     1 ||     1
Armor: Skin              |     7 |    11 ||    18
Dodge: Dodged            |    55 |    64 ||   119

Levels and vault maps discovered:
D:1:      dpeg_arrival_boxorama, layout_rooms,
          shapermc_ecumenical_altar_mp_vishouse, serial_bayou_crossing
D:2:      layout_basic, st_stairs_14
D:3:      layout_basic, serial_shops, nicolae_shop_statue_plus,
          serial_corexii_hall, chequers_hall_statues_wall_a,
          chequers_hall_statues_wall_a
D:4:      layout_basic, serial_glass, glass_columns_a, glass_columns_b,
          glass_columns_b, glass_columns_b

Notes
Turn   | Place    | Note
-------+----------+-------------------------------------------
     0 | D:1      | zeratav the Octopode Venom Mage began the quest for the
                  | Orb.
     0 | D:1      | Reached XP level 1. HP: 11/11 MP: 3/3
     0 | D:1      | magus.rc [v1.9.6]
    20 | D:1      | You add the spells Ignite Poison and Freezing Cloud to your
                  | library.
    97 | D:1      | Reached skill level 3 in Stealth
   174 | D:1      | Reached XP level 2. HP: 17/17 MP: 5/5
   182 | D:1      | Reached skill level 4 in Poison Magic
   200 | D:1      | HP: 3/17 [frilled lizard (2)]
   202 | D:1      | HP: 1/17 [frilled lizard (2)]
   835 | D:1      | Reached XP level 3. HP: 16/21 MP: 6/6
   914 | D:1      | Reached skill level 4 in Stealth
   951 | D:1      | Found a faded altar of an unknown god.
  1290 | D:2      | You pick up a book of Debilitation and begin reading...
  1290 | D:2      | You add the spells Slow, Vampiric Draining and Confusing
                  | Touch to your library.
  1311 | D:2      | Learned a level 2 spell: Poisonous Vapours
  1683 | D:2      | Reached XP level 4. HP: 27/27 MP: 7/7
  2044 | D:3      | Reached skill level 5 in Poison Magic
  2057 | D:3      | HP: 4/27 [jackal (3)]
  2365 | D:3      | Found Mosemur's Jewellery Emporium.
  2492 | D:3      | Reached skill level 5 in Stealth
  2991 | D:3      | Reached XP level 5. HP: 9/31 MP: 4/8
  2991 | D:3      | HP: 6/31 [poisoned by a kobold]
  3635 | D:4      | Reached skill level 6 in Poison Magic
  3638 | D:4      | Killed from afar by an orc priest

Vanquished Creatures
  An orc wizard (D:4)
  3 gnolls (D:3)
  An adder (D:2)
  A worm (D:2)
  3 dart slugs
  8 bats
  7 endoplasms
  2 giant cockroaches
  8 goblins
  7 hobgoblins
  7 jackals
  8 kobolds
  A quokka (D:2)
  6 ball pythons
  3 frilled lizards
  6 rats
72 creatures vanquished.

Table legend:
 A = Non-vault XP
 B = Vault XP
 C = Vault XP percentage of total XP
 D = Non-vault monster count
 E = Vault monster count
 F = Vault count percentage of total count
                 A         B        C        D         E       F
            +---------+---------+-------+---------+---------+-------
      Total |     213 |       1 |   0.5 |      71 |       1 |   1.4
            +---------+---------+-------+---------+---------+-------
        D:1 |      44 |       0 |   0.0 |      23 |       0 |   0.0
        D:2 |      50 |       1 |   2.0 |      21 |       1 |   4.5
        D:3 |      83 |       0 |   0.0 |      26 |       0 |   0.0
        D:4 |      36 |       0 |   0.0 |       1 |       0 |   0.0
            +---------+---------+-------+---------+---------+-------

Illustrated notes

Table legend:
 A = Kills in this place as a percentage of kills in entire the game.
 B = Kills by you in this place as a percentage of kills by you in the entire game.
 C = Kills by friends in this place as a percentage of kills by friends in the entire game.
 D = Other kills in this place as a percentage of other kills in the entire game.
 E = Experience gained in this place as a percentage of experience gained in the entire game.
 F = Experience gained in this place divided by the number of levels of this place that you have seen.
                   A       B       C       D       E      F
               +-------+-------+-------+-------+-------+----------------------
         Total | 100.0 | 100.0 |   N/A |   N/A | 100.0 |  53.5
       Dungeon | 100.0 | 100.0 |   N/A |   N/A | 100.0 |  53.5
               +-------+-------+-------+-------+-------+----------------------

Table legend: (Time is in decaauts)
 A = Elapsed time spent in this place.
 B = Non-inter-level travel time spent in this place.
 C = Inter-level travel time spent in this place.
 D = Time resting spent in this place.
 E = Time spent auto-exploring this place.
 F = Levels seen in this place.
 G = Mean time per level.
                   A        B        C        D        E       F      G
               +--------+--------+--------+--------+--------+-----+--------+
         Total |   3637 |   3538 |     99 |    835 |   2153 |   4 |  909.2 |
       Dungeon |   3637 |   3538 |     99 |    835 |   2153 |   4 |  909.2 |
               +--------+--------+--------+--------+--------+-----+--------+

Top non-repeatable levels by time:
     D:3: 1623 daAuts
     D:1: 1198 daAuts
     D:2: 808 daAuts
     D:4: 7 daAuts
